 Dungeon Crawl Stone Soup version 0.24-a0-813-g0f74319 (webtiles) character file.

Game seed: 6707326103860292675, levelgen mode: deterministic

7 scarywalker64 the Insei (level 1, 0/16 HPs)
             Began as a Demigod Transmuter on Oct 11, 2019.
             Slain by a gnoll
             ... wielding a +0 club
              (6 damage)
             ... on level 1 of the Dungeon.
             The game lasted 00:01:07 (189 turns).

scarywalker64 the Insei (Demigod Transmuter)         Turns: 189, Time: 00:01:08

Health: 0/16       AC:  5    Str: 13    XL:     1   Next: 73%
Magic:  1/5        EV: 11    Int: 17    God:
Gold:   13         SH:  0    Dex: 16    Spells: 2/3 levels left

rFire    . . .     SeeInvis .     - Unarmed
rCold    . . .     Gourm    .   (no shield)
rNeg     . . .     Faith    .   c - +0 ring mail
rPois    .         Spirit   .   (no helmet)
rElec    .         Reflect  .   (no cloak)
rCorr    .         Harm     .   (no gloves)
MR       .....                  (boots currently unavailable)
Stlth    +.........             (no amulet)
HPRegen  0.05/turn              (no ring)
MPRegen  0.09/turn              (no ring)

@: appendage
A: talons 3, high mp 1
a: End Transformation


You were on level 1 of the Dungeon.
You were not hungry.
You had grown temporary talons.
You visited 1 branch of the dungeon, and saw 1 of its levels.

You collected 13 gold pieces.

Inventory:

Missiles
 a - 12 arrows
 b - 12 poisoned darts (quivered)
Armour
 c - a +0 ring mail (worn)
Comestibles
 d - a ration


   Skills:
 * Level 1.1 Fighting
 + Level 1.7 Dodging
 * Level 3.0 Unarmed Combat
 * Level 1.7 Spellcasting
 * Level 1.9 Transmutations


You had 2 spell levels left.
You knew the following spells:

 Your Spells              Type           Power        Failure   Level  Hunger
a - Beastly Appendage     Tmut           #.....       21%         1    #......

Your spell library contained the following spells:

 Spells                   Type           Power        Failure   Level  Hunger
 Sticks to Snakes         Tmut           #.......     30%         2    ###....
 Spider Form              Tmut/Pois      #.........   65%         3    ###....
 Ice Form                 Ice/Tmut       #.......     96%         4    #####..
 Blade Hands              Tmut           #.........   99%         5    ######.


Dungeon Overview and Level Annotations

Branches:
Dungeon (1/15)


Innate Abilities, Weirdness & Mutations

You have an increased reservoir of magic. (+10% MP)
You have claws for feet.


Message History

Your Unarmed Combat skill increases to level 3!
The gnoll hits you with a +0 club.
You are too injured to fight recklessly!
You are too injured to fight recklessly!
Casting: Beastly Appendage (safe; 21% risk of failure)
Confirm with . or Enter, or press ? or * to list all spells.
You extend your transformation's duration.
The gnoll barely misses you.
Casting: Beastly Appendage (safe; 21% risk of failure)
Confirm with . or Enter, or press ? or * to list all spells.
You extend your transformation's duration.
The gnoll closely misses you.
Casting: Beastly Appendage (safe; 21% risk of failure)
Confirm with . or Enter, or press ? or * to list all spells.
You fail to extend your transformation any further.
The gnoll closely misses you.
You hit the gnoll but do no damage. You claw the gnoll.
The gnoll is moderately wounded.
The gnoll hits you with a +0 club.
You die...

## .. #.## ######
#... .....
##..##...#
###.... ..♣ .
#..##..♣♣... #
#.#.@g††...♣
#.##.#.#...###..♣
................♣
#..###†.##.##.P♣
# #.##..♣ .♣ #.
#.#.♣PP ♣ #.#
##.♣♣..♣ #.###.#♣


P.PP #.#.##♣ ..P You could see a gnoll.

Vanquished Creatures
  A giant cockroach (D:1)
  A hobgoblin (D:1)
  3 kobolds (D:1)
  A rat (D:1)
6 creatures vanquished.

Notes
Turn   | Place    | Note
-------+----------+-------------------------------------------
     0 | D:1      | scarywalker64 the Demigod Transmuter began the quest for
                  | the Orb.
     0 | D:1      | Reached XP level 1. HP: 15/15 MP: 5/5
   165 | D:1      | Reached skill level 1 in Fighting
   183 | D:1      | Reached skill level 3 in Unarmed Combat
   189 | D:1      | Slain by a gnoll

Levels and vault maps discovered:
D:1:      sevenhm_arrival_forest_fort_large_2, layout_loops_ring, serial_forest,
          infiniplex_forest_straight_2, infiniplex_forest_clump_medium,
          infiniplex_forest_pool, infiniplex_forest_lined_room_3,
          infiniplex_forest_clump_diagonal, infiniplex_forest_end_2,
          infiniplex_forest_end_2, infiniplex_forest_corner_1,
          infiniplex_forest_zigzag_2, infiniplex_forest_straight_2

Skill      XL: |  1 |
---------------+----+-----
Fighting       | 1 |  1.1
Unarmed Combat | 3 |  3.0
Dodging        | |  1.7
Spellcasting   | |  1.7
Transmutations | |  1.9

Action                   || total
-------------------------++-------
Melee: Unarmed           ||    23
       Kick              ||     3
       Headbutt          ||     1
 Cast: Beastly Appendage ||     6
Armor: Ring mail         ||     4
Dodge: Dodged            ||    14

Table legend:
 A = Non-vault XP
 B = Vault XP
 C = Vault XP percentage of total XP
 D = Non-vault monster count
 E = Vault monster count
 F = Vault count percentage of total count
                 A         B        C        D         E       F
            +---------+---------+-------+---------+---------+-------
      Total |      11 |       0 |   0.0 |       6 |       0 |   0.0
            +---------+---------+-------+---------+---------+-------
        D:1 |      11 |       0 |   0.0 |       6 |       0 |   0.0
            +---------+---------+-------+---------+---------+-------
